 Dungeon Crawl Stone Soup version 0.29.1-12-g30fa7ad0bf (webtiles) character file.

Game seed: 5813562883367088125

46 safid the Shooter (level 3, -5/33 HPs)
             Began as a Minotaur Hunter on Dec 20, 2022.
             Slain by a gnoll
             ... wielding a +0 spear
              (6 damage)
             ... on level 2 of the Dungeon.
             The game lasted 00:00:51 (683 turns).

safid the Shooter (Minotaur Hunter)                  Turns: 683, Time: 00:00:51

Health: -5/33      AC:  3    Str: 15    XL:     3   Next: 44%
Magic:  2/2        EV: 12    Int:  6    God:
Gold:   34         SH:  0    Dex: 15    Spells: 2/2 levels left

rFire   . . .      SeeInvis .   a - +0 shortbow
rCold   . . .      Faith    .   (shield currently unavailable)
rNeg    . . .      Spirit   .   c - +0 leather armour
rPois   .          Reflect  .   (helmet restricted)
rElec   .          Harm     .   (no cloak)
rCorr   .          Rampage  .   (no gloves)
Will    .....                   (no boots)
Stlth   +.........              (no amulet)
HPRegen 0.11/turn               (no ring)
MPRegen 0.08/turn               (no ring)

@: no status effects
A: horns 2, retaliatory headbutt
a: no special abilities


You were on level 2 of the Dungeon.
You visited 1 branch of the dungeon, and saw 2 of its levels.

You collected 34 gold pieces.

Inventory:

Hand Weapons
 a - a +0 shortbow (weapon)
Armour
 c - a +0 leather armour (worn)
Scrolls
 b - a scroll of immolation
 d - a scroll of silence {unknown}
 e - 2 scrolls of identify {unknown}
 g - 2 scrolls of fog {unknown}
Potions
 f - a potion of heal wounds {unknown}
 h - a potion of curing {unknown}
 i - a potion of attraction {unknown}
 j - a potion of lignification {unknown}


   Skills:
 + Level 3.7 Fighting
 + Level 5.1 Ranged Weapons
 - Level 2.1 Dodging
 - Level 0.7 Stealth


You had 2 spell levels left.
You didn't know any spells.
Your spell library was empty.

Dungeon Overview and Level Annotations

Branches:
Dungeon (2/15)

Altars:


Innate Abilities, Weirdness & Mutations

You have a pair of horns on your head.
You reflexively headbutt those who attack you in melee.


Message History

You shoot an arrow. The arrow hits the worm.
The worm is severely wounded.
A gnoll comes into view. It is wielding a +0 spear.
You shoot an arrow. The arrow barely misses the worm.
You hear a shout!
You shoot an arrow.
The arrow hits the gnoll but does no damage.
A gnoll comes into view. It is wielding a +0 whip.
You shoot an arrow. The arrow hits the gnoll!
The gnoll is almost dead.
The gnoll hits you from afar with a +0 spear.
A gnoll comes into view. It is wielding a +0 halberd.
The gnoll closely misses you.
You shoot an arrow.
The arrow hits the gnoll but does no damage.
The gnoll is almost dead.
You hear a shout! x2
A gnoll comes into view. It is wielding a +0 spear.
The gnoll barely misses you.
You shoot an arrow. The arrow hits the worm!
The worm is almost dead.
The gnoll barely misses you.
A hobgoblin comes into view.
The worm barely misses you.
You shoot an arrow. The arrow hits the worm.
You kill the worm!
The gnoll closely misses you. You furiously retaliate!
You headbutt the gnoll.
The gnoll hits you from afar with a +0 spear.
The gnoll closely misses you.
You shoot an arrow. The arrow hits the gnoll.
The gnoll is heavily wounded.
The gnoll barely misses you.
The gnoll hits you from afar with a +0 halberd!
The gnoll hits you from afar with a +0 spear. x2
* * * LOW HITPOINT WARNING * * *
The gnoll hits you from afar with a +0 spear.
* * * LOW HITPOINT WARNING * * *
The gnoll closely misses you. The gnoll barely misses you.
The gnoll hits you from afar with a +0 spear.
You die...

.. .# ### .# ..
.# #. .#
##.#.##
#.##g.†..###..
#..ggg@.......
....#g....###..
# #..........
####.#.##### ..
.# ##. ## #. ..


You could see 4 gnolls and a hobgoblin.

Vanquished Creatures
  An adder (D:2)
  A worm (D:2)
  7 bats (D:1)
  4 endoplasms (D:1)
  2 goblins (D:1)
  4 hobgoblins (D:1)
  3 jackals (D:1)
  4 kobolds (D:1)
  2 ball pythons (D:1)
  2 frilled lizards (D:1)
30 creatures vanquished.

Notes
Turn   | Place    | Note
-------+----------+-------------------------------------------
     0 | D:1      | safid the Minotaur Hunter began the quest for the Orb.
     0 | D:1      | Reached XP level 1. HP: 18/18 MP: 0/0
   267 | D:1      | Reached XP level 2. HP: 26/26 MP: 1/1
   267 | D:1      | Found a faded altar of an unknown god.
   518 | D:1      | Reached skill level 5 in Ranged Weapons
   518 | D:1      | Reached XP level 3. HP: 31/31 MP: 2/2
   682 | D:2      | HP: 1/33 [gnoll/+0 spear (6)]
   683 | D:2      | Slain by a gnoll

Illustrated notes

Levels and vault maps discovered:
D:1:      dpeg_arrival_line_fractal, layout_basic,
          ebering_ecumenical_altar_sacrificial
D:2:      cheibrodos_pilgrimage, layout_loops_ring, basic_altar

Skill      XL: |  1  2 |
---------------+-------+-----
Fighting       | 3 |  3.7
Ranged Weapons | 5 |  5.1
Dodging        | |  2.1
Stealth        | |  0.7

Action                   || total
-------------------------++-------
 Fire: Shortbow          ||    91
Armor: Leather armour    ||    16
Dodge: Dodged            ||    40
